[Event "November 21 Early 2023"]
[Site "https://www.chess.com"]
[Date "2023.11.21"]
[Round "6"]
[White "Minina, Veronika"]
[Black "Ramla2020"]
[Result "0-1"]
[Board "149"]
[TimeControl "180+1"]
[WhiteFideId "4174780"]
[WhiteElo "1905"]
[BlackElo "2466"]
[WhiteTeam "RUS"]
[WhiteClock "0:00:01"]
[BlackClock "0:00:16"]

1. Nf3 d5 2. g3 Nf6 3. Bg2 c6 4. c4 Bf5 5. O-O e6 6. cxd5 exd5 7. d3 Be7 8. Nh4 Bg4 9. h3 Bh5 10. g4 Nfd7 11. Nf5 Bg6 12. Nxg7+ Kf8 13. Bh6 Kg8 14. e4 Bf6 15. Nf5 Bxb2 16. Nd2 Bxf5 17. gxf5 Qh4 18. Rb1 Bf6 19. Be3 d4 20. Nf3 Qh5 21. Nxd4 Qxd1 22. Rfxd1 b6 23. f4 Na6 24. e5 Be7 25. Nxc6 Bc5 26. d4 Bf8 27. e6 fxe6 28. fxe6 Nf6 29. Ne7+ Bxe7 30. Bxa8 Kg7 31. Bb7 Nb4 32. d5 Rd8 33. Bd4 Kg6 34. Be5 Nbxd5 35. Rbc1 Bc5+ 36. Kh2 Kf5 37. Bxf6 Rf8 38. Rxd5+ Kxf6 39. Rd7 Kxe6 40. Rcd1 Rxf4 41. Bc8 Rf2+ 42. Kh1 Ke5 43. Re1+ Kf6 44. Rd8 Rxa2 45. Rh8 Kg7 46. Rhe8 Rf2 47. Bd7 a5 48. Rg1+ Kf6 49. Re6+ Kf7 50. Re4 Rf3 51. Rgg4 Bd6 52. Be6+ Kf6 53. Bd5 Rxh3+ 54. Kg2 Rd3 55. Re2 Rxd5 56. Rf2+ Rf5 57. Rxf5+ Kxf5 58. Ra4 Bc5 59. Ra2 Ke5 60. Re2+ Kd5 61. Rd2+ Kc4 62. Rd7 Kb5 63. Rxh7 a4 64. Kf3 a3 65. Rh2 Kc4 66. Ke4 Kb3 67. Kd3 a2 68. Rh1 Ba3 69. Rf1 Bb2 70. Ke4 b5 71. Kd5 a1=Q 72. Rxa1 Bxa1 73. Kc5 Ka4 74. Kd5 b4 75. Kc4 b3 76. Kd3 Ka3 77. Kd2 Ka2 78. Kc1 b2+ 79. Kc2 b1=Q+ 0-1

[Event "November 21 Early 2023"]
[Site "https://www.chess.com"]
[Date "2023.11.21"]
[Round "6"]
[White "thisjuan"]
[Black "Pourkashiyan, Atousa"]
[Result "0-1"]
[Board "150"]
[TimeControl "180+1"]
[BlackFideId "12502014"]
[WhiteElo "2254"]
[BlackElo "2221"]
[BlackTeam "USA"]
[WhiteClock "0:00:00"]
[BlackClock "0:00:12"]

1. c4 e6 2. g3 d5 3. Bg2 Nf6 4. Nf3 Be7 5. O-O O-O 6. d4 dxc4 7. Ne5 Nc6 8. Nxc6 bxc6 9. Na3 Bxa3 10. bxa3 Nd5 11. Qa4 a5 12. Qxc4 Ba6 13. Qc2 Rb8 14. Rd1 Qf6 15. e4 Nb6 16. Qxc6 Be2 17. Re1 Qxd4 18. Be3 Qc4 19. Rac1 Qxc6 20. Rxc6 Bd3 21. Rd1 Rfd8 22. Rxc7 Nc4 23. Bc5 Be2 24. Re1 Rb2 25. Be7 Re8 26. Rxe2 Rxe2 27. Rxc4 h5 28. Bd6 e5 29. Bf3 Rxa2 30. Bxh5 Rd8 31. Bxe5 Rxa3 32. Rc7 Rad3 33. Bxf7+ Kh7 34. Bd5 a4 35. Rxg7+ Kh6 0-1

[Event "November 21 Early 2023"]
[Site "https://www.chess.com"]
[Date "2023.11.21"]
[Round "6"]
[White "Jimenez Fernandez, Rebeca"]
[Black "Preobrazhenska_D2011"]
[Result "1/2-1/2"]
[Board "151"]
[TimeControl "180+1"]
[WhiteFideId "32070934"]
[WhiteElo "2015"]
[BlackElo "2461"]
[WhiteTeam "ESP"]
[WhiteClock "0:00:07"]
[BlackClock "0:00:06"]

1. e4 c5 2. Nc3 a6 3. g3 b5 4. Bg2 Bb7 5. d3 e6 6. Be3 d5 7. exd5 exd5 8. d4 c4 9. Nge2 Nf6 10. O-O Be7 11. Bg5 b4 12. Nb1 O-O 13. c3 a5 14. Nd2 h6 15. Bxf6 Bxf6 16. Nf3 Nc6 17. Nf4 Qd7 18. Qd2 Rfe8 19. Rfe1 Rad8 20. Nh5 Be7 21. Ne5 Nxe5 22. dxe5 Bf8 23. Nf4 Qc8 24. Bh3 Qc6 25. e6 d4 26. Bg2 Qc7 27. Bxb7 Qxb7 28. cxd4 fxe6 29. Nxe6 Rd6 30. Nxf8 Rxf8 31. Qe3 Qf7 32. Rad1 Rd5 33. Qe6 Qxe6 34. Rxe6 Rfd8 35. Re4 Kf7 36. f4 a4 37. Kf2 b3 38. axb3 cxb3 39. Ke3 Kf6 40. Re5 R5d6 41. Ra5 Re8+ 42. Kf3 Rc8 43. Rxa4 Rc2 44. Rb4 Rxb2 45. Rd3 Rxh2 46. Rbxb3 Rc2 47. Rb5 Rc1 48. Ke2 g5 49. fxg5+ hxg5 50. Kf3 Rf1+ 51. Kg4 Re1 52. Rf3+ Kg6 53. Rxg5+ Kh6 54. Rh5+ Kg6 55. Rg5+ Kh6 56. Rf4 Rg1 57. Rh5+ Kg6 58. Rh8 Rd1 59. Rhf8 R1xd4 60. Rxd4 Rxd4+ 61. Rf4 Rd6 62. Ra4 Rc6 63. Ra5 Rd6 64. Kh3 Rc6 65. g4 Rd6 66. Kg3 Rc6 67. Kf4 Rd6 68. Kg3 Rc6 69. Kf4 Rd6 70. Rg5+ Kf6 71. Rh5 Kg6 72. Rg5+ Kf6 73. Rf5+ Kg6 74. Ke5 Ra6 75. Rf1 Rb6 76. Rd1 Ra6 77. Kf4 Ra4+ 78. Kg3 Ra6 79. Kh4 Rb6 80. Rd5 Ra6 81. Rg5+ Kf6 82. Rh5 Kg6 83. Rb5 Rc6 84. Kg3 Ra6 85. Kf4 Rc6 86. Ke4 Rc4+ 87. Kf3 Rc6 88. Kf4 Rc4+ 89. Kg3 Rc6 90. g5 Rc3+ 91. Kf4 Rc4+ 92. Ke3 Rc6 93. Kd4 Ra6 94. Kc5 Kxg5 95. Kb4+ Kf4 96. Rc5 Rb6+ 97. Rb5 Rf6 98. Rc5 Rb6+ 99. Rb5 Rxb5+ 100. Kxb5 1/2-1/2

[Event "November 21 Early 2023"]
[Site "https://www.chess.com"]
[Date "2023.11.21"]
[Round "6"]
[White "pinguino120"]
[Black "Kopczynski, Michal"]
[Result "0-1"]
[Board "152"]
[TimeControl "180+1"]
[BlackFideId "1124200"]
[WhiteElo "2244"]
[BlackElo "2174"]
[BlackTeam "POL"]
[WhiteClock "0:00:31"]
[BlackClock "0:01:17"]

1. Nf3 d6 2. e4 c5 3. d4 cxd4 4. Nxd4 Nf6 5. Nc3 g6 6. Be3 Bg7 7. f3 O-O 8. Qd2 Nc6 9. O-O-O d5 10. Qe1 e5 11. Nxc6 bxc6 12. exd5 cxd5 13. Bc5 Be6 14. Bxf8 Qxf8 15. Kb1 Rb8 16. b3 a5 17. a4 d4 18. Nb5 Nd5 19. Qxa5 Rxb5 20. Bxb5 Nc3+ 21. Kb2 e4 22. fxe4 d3 23. Rxd3 Nxb5+ 24. c3 Qa3+ 25. Kc2 Qxb3+ 26. Kd2 Bh6+ 27. Ke1 Qb1+ 28. Rd1 Qxe4+ 29. Kf1 Bc4+ 30. Kg1 Be3# 0-1

[Event "November 21 Early 2023"]
[Site "https://www.chess.com"]
[Date "2023.11.21"]
[Round "6"]
[White "Begunov, Konstantin"]
[Black "Witty_Alien"]
[Result "1-0"]
[Board "153"]
[TimeControl "180+1"]
[WhiteFideId "4118510"]
[WhiteElo "1989"]
[BlackElo "2287"]
[WhiteTeam "RUS"]
[WhiteClock "0:00:06"]
[BlackClock "0:00:01"]

1. d4 e5 2. dxe5 d6 3. Nf3 Nc6 4. Bg5 Qd7 5. exd6 Bxd6 6. Nc3 Qf5 7. e3 Nb4 8. Bd3 Nxd3+ 9. Qxd3 Qg4 10. Qe4+ Ne7 11. O-O-O f6 12. Bh4 Qh5 13. Bg3 Bf5 14. Qh4 Qg6 15. Bxd6 cxd6 16. Qa4+ b5 17. Qxb5+ Bd7 18. Qb7 Rc8 19. Rxd6 Bc6 20. Qb4 Qxg2 21. Rg1 Qxf3 22. Rxg7 Qh1+ 23. Kd2 Rc7 24. Qb8+ Nc8 25. Qxc7 Nxd6 26. Qe7# 1-0

[Event "November 21 Early 2023"]
[Site "https://www.chess.com"]
[Date "2023.11.21"]
[Round "6"]
[White "Dodaro, Mattia"]
[Black "Manukyan, Sargis V."]
[Result "0-1"]
[Board "154"]
[TimeControl "180+1"]
[WhiteFideId "28583400"]
[BlackFideId "13303465"]
[WhiteElo "2240"]
[BlackElo "2236"]
[WhiteTeam "ITA"]
[BlackTeam "ARM"]
[WhiteClock "0:01:53"]
[BlackClock "0:01:56"]

1. Nf3 Nf6 2. g3 b5 3. Bg2 Bb7 4. a4 bxa4 5. Rxa4 e6 6. c4 c5 7. O-O Nc6 8. Nc3 Be7 9. d4 Nxd4 10. Nxd4 Bxg2 11. Nxe6 fxe6 12. Kxg2 O-O 13. Bg5 Qc7 14. Nb5 Qc6+ 15. Kg1 a6 16. Nc3 h6 17. Bxf6 Bxf6 18. Qd3 Bxc3 0-1

[Event "November 21 Early 2023"]
[Site "https://www.chess.com"]
[Date "2023.11.21"]
[Round "6"]
[White "Cueto, Jonny"]
[Black "Swicarz, Maciej"]
[Result "0-1"]
[Board "155"]
[TimeControl "180+1"]
[WhiteFideId "3300145"]
[BlackFideId "1113585"]
[WhiteElo "2155"]
[BlackElo "2127"]
[WhiteTeam "BOL"]
[BlackTeam "POL"]
[WhiteClock "0:00:00"]
[BlackClock "0:00:06"]

1. d4 Nf6 2. Bf4 d5 3. e3 c5 4. Nf3 Nc6 5. Nbd2 cxd4 6. exd4 Bf5 7. c3 e6 8. Qb3 Qc8 9. Rc1 Be7 10. Bb5 O-O 11. Bxc6 Qxc6 12. O-O b5 13. Ne5 Qa6 14. Ra1 Qb6 15. a4 b4 16. a5 Qb5 17. c4 dxc4 18. Qxc4 Qxc4 19. Ndxc4 Nd5 20. Bg3 Rfc8 21. Rfc1 b3 22. a6 Nb4 23. Na5 Bc2 24. Nb7 f6 25. Nd7 Nd3 26. Re1 Nxe1 27. Rxe1 Kf7 28. Ndc5 Bxc5 29. dxc5 Rc6 30. Bd6 Rxa6 31. Bf4 Bf5 32. h3 h5 33. Kh2 g5 34. Be3 Rc6 35. Rd1 Kg6 36. Rd7 a5 37. Nd6 a4 38. Re7 a3 39. bxa3 Rxa3 0-1

[Event "November 21 Early 2023"]
[Site "https://www.chess.com"]
[Date "2023.11.21"]
[Round "6"]
[White "Berezin, Viktor"]
[Black "Florianovitz, Derlei Alex"]
[Result "1/2-1/2"]
[Board "156"]
[TimeControl "180+1"]
[WhiteFideId "14107872"]
[BlackFideId "2114178"]
[WhiteElo "2310"]
[BlackElo "1953"]
[WhiteTeam "UKR"]
[BlackTeam "BRA"]
[WhiteClock "0:00:03"]
[BlackClock "0:00:02"]

1. Nf3 c5 2. g3 Nc6 3. Bg2 g6 4. O-O Bg7 5. c4 e5 6. Nc3 Nge7 7. d3 d6 8. Rb1 O-O 9. a3 a5 10. Ne1 Be6 11. Nc2 d5 12. cxd5 Nxd5 13. Ne3 Nxe3 14. Bxe3 Nd4 15. Ne4 b6 16. b4 axb4 17. axb4 Ra2 18. Nc3 Ra3 19. Bd2 Qd7 20. bxc5 bxc5 21. Qc1 Rb3 22. Rxb3 Nxb3 23. Qc2 Nxd2 24. Qxd2 c4 25. Rb1 cxd3 26. Qxd3 Qxd3 27. exd3 Rd8 28. Bf1 f5 29. Rb7 e4 30. Nb5 exd3 31. Bxd3 Rxd3 32. Nc7 Rd1+ 33. Kg2 Bd5+ 34. Nxd5 Rxd5 35. h4 Rd2 36. Kf3 Bd4 37. g4 Rxf2+ 38. Kg3 f4+ 39. Kh3 Be3 40. h5 gxh5 41. g5 Rf3+ 42. Kh4 Rf1 43. Kxh5 f3 44. g6 Rh1+ 45. Kg4 Rg1+ 46. Kxf3 Rxg6 47. Kxe3 Rg7 48. Rb6 h5 49. Kf4 Kh7 50. Rb5 Kh6 51. Rb6+ Rg6 52. Rb8 Rg7 53. Rb6+ Rg6 54. Rb8 Kh7 55. Rb7+ Kh6 56. Rb8 1/2-1/2

[Event "November 21 Early 2023"]
[Site "https://www.chess.com"]
[Date "2023.11.21"]
[Round "6"]
[White "ATM622"]
[Black "Quirke, Jeffrey"]
[Result "0-1"]
[Board "157"]
[TimeControl "180+1"]
[BlackFideId "2013029"]
[WhiteElo "2445"]
[BlackElo "2220"]
[BlackTeam "USA"]
[WhiteClock "0:00:02"]
[BlackClock "0:00:17"]

1. d4 Nf6 2. c4 g6 3. g3 Bg7 4. Bg2 d5 5. Nf3 c6 6. O-O O-O 7. Nbd2 Bf5 8. Nh4 Be6 9. cxd5 cxd5 10. Qb3 Qd7 11. Nhf3 Nc6 12. Ne5 Nxe5 13. dxe5 Ne4 14. Nxe4 dxe4 15. Bxe4 Bxb3 16. axb3 Bxe5 17. Bh6 Bg7 18. Rfd1 Qxd1+ 19. Rxd1 Bxh6 20. Rd7 Rfd8 21. Rxb7 e6 22. h4 a5 23. h5 Rab8 24. Ra7 Rb5 25. hxg6 hxg6 26. Bc6 Rxb3 27. Rxa5 Rxb2 28. Bf3 Bf8 29. Ra7 Rc8 30. Kf1 Rc1+ 31. Kg2 Rcc2 32. Kf1 Bc5 33. Rd7 Kg7 34. Bg4 Kf8 35. Bf3 g5 36. g4 Rd2 37. Rc7 Bb6 38. Rc8+ Kg7 39. Ra8 f5 40. gxf5 exf5 41. Bh5 g4 42. Kg2 Rxe2 43. Kg3 Rxf2 44. Kh4 Rh2+ 45. Kg5 Rxh5+ 46. Kxh5 g3 47. Ra3 Bf2 48. Ra6 Rb1 49. Kg5 g2 50. Rg6+ Kf7 51. Kxf5 g1=Q 52. Rxg1 Bxg1 0-1

[Event "November 21 Early 2023"]
[Site "https://www.chess.com"]
[Date "2023.11.21"]
[Round "6"]
[White "Vedder, Richard"]
[Black "Mishra, Manoj"]
[Result "1-0"]
[Board "158"]
[TimeControl "180+1"]
[WhiteFideId "1004166"]
[BlackFideId "5006007"]
[WhiteElo "2168"]
[BlackElo "1847"]
[WhiteTeam "NED"]
[BlackTeam "IND"]
[WhiteClock "0:01:19"]
[BlackClock "0:00:00"]

1. d4 Nf6 2. c4 g6 3. h4 Bg7 4. Nc3 h5 5. e4 d6 6. Nf3 Nc6 7. Be2 O-O 8. Bg5 Qe8 9. Qd2 e5 10. d5 Nd4 11. Nxd4 exd4 12. Nb5 Nxe4 13. Qf4 Nxg5 14. Nxc7 Qe7 15. Nxa8 d3 16. O-O dxe2 17. Rfe1 Nh7 18. Rac1 Bf5 19. Nc7 Qxc7 20. Rxe2 Nf6 21. b3 Ng4 22. Rce1 Qd8 23. g3 Qa5 24. Qxd6 Ne5 25. Rxe5 Bxe5 26. Qxe5 Qxa2 27. Qe3 a5 28. Qc3 a4 29. bxa4 Qxa4 30. d6 Qc6 31. c5 Bh3 32. f3 b6 33. Kh2 Be6 34. Qf6 Ra8 35. Rxe6 Ra2+ 36. Kh3 fxe6 37. Qxg6+ Kh8 38. Qh6+ Kg8 39. Qxe6+ Kg7 40. Qxa2 Qxc5 41. Qe6 1-0

[Event "November 21 Early 2023"]
[Site "https://www.chess.com"]
[Date "2023.11.21"]
[Round "6"]
[White "Osmonbekov, Talaibek"]
[Black "Bychkov, Vladimir"]
[Result "0-1"]
[Board "159"]
[TimeControl "180+1"]
[WhiteFideId "2017253"]
[BlackFideId "24151513"]
[WhiteElo "2135"]
[BlackElo "2224"]
[WhiteTeam "USA"]
[BlackTeam "RUS"]
[WhiteClock "0:00:00"]
[BlackClock "0:00:43"]

1. d4 Nf6 2. Nc3 d5 3. Bf4 c6 4. e3 Bf5 5. Nf3 e6 6. Ne5 Nbd7 7. g4 Be4 8. f3 Bg6 9. h4 h5 10. Nxg6 fxg6 11. Bd3 Kf7 12. Qe2 Bb4 13. Kd2 c5 14. gxh5 gxh5 15. Rag1 c4 16. Bg6+ Ke7 17. e4 Qa5 18. Qe3 Raf8 19. Bg5 Kd8 20. e5 Kc8 21. exf6 gxf6 22. Bf4 e5 23. Bh6 exd4 24. Qxd4 Rxh6 25. Bf5 Rf7 26. Rg8+ Kc7 27. Qf4+ Ne5 28. Rc8+ Kb6 29. Qxh6 d4 30. Qf4 dxc3+ 31. bxc3 Bxc3+ 32. Ke2 Re7 33. Rb1+ Ka6 34. Kf2 Qxa2 0-1

[Event "November 21 Early 2023"]
[Site "https://www.chess.com"]
[Date "2023.11.21"]
[Round "6"]
[White "Rosenberg, Evan S"]
[Black "Semenova, Alina"]
[Result "0-1"]
[Board "160"]
[TimeControl "180+1"]
[WhiteFideId "2019299"]
[BlackFideId "24113875"]
[WhiteElo "2441"]
[BlackElo "1827"]
[WhiteTeam "USA"]
[BlackTeam "RUS"]
[WhiteClock "0:01:06"]
[BlackClock "0:01:23"]

1. d4 Nf6 2. Nf3 e6 3. g3 d5 4. Bg2 Be7 5. O-O O-O 6. c4 dxc4 7. Na3 Bxa3 8. bxa3 Nc6 9. a4 a6 10. Ba3 Re8 11. e3 Nd5 12. Qc2 b5 13. axb5 axb5 14. Bc5 Ncb4 15. Bxb4 Nxb4 16. Qb2 Nd3 17. Qxb5 Ba6 18. Qh5 g6 19. Qh6 Qf6 20. Ng5 Qg7 21. Qxg7+ Kxg7 22. Bxa8 Rxa8 23. Ne4 Bb7 24. Nc3 Bf3 25. a4 Ra5 26. Rfb1 c6 27. Rb4 Nxb4 0-1

[Event "November 21 Early 2023"]
[Site "https://www.chess.com"]
[Date "2023.11.21"]
[Round "6"]
[White "topce"]
[Black "Feliz Dotel, Dewar Bienvenido"]
[Result "0-1"]
[Board "161"]
[TimeControl "180+1"]
[BlackFideId "6402801"]
[WhiteElo "2440"]
[BlackElo "2069"]
[BlackTeam "DOM"]
[WhiteClock "0:00:49"]
[BlackClock "0:01:28"]

1. c4 e6 2. d4 d5 3. Nf3 c5 4. cxd5 exd5 5. g3 Nf6 6. Bg2 Nc6 7. dxc5 Bxc5 8. a3 O-O 9. b4 Bb6 10. O-O d4 11. Bb2 Bg4 12. Nbd2 Re8 13. h3 Bh5 14. g4 Bg6 15. Nb3 Rc8 16. Nfxd4 Nxd4 17. Nxd4 Be4 18. Nf5 Bxg2 19. Kxg2 Qxd1 20. Raxd1 Rxe2 21. Bxf6 gxf6 22. Rd7 h5 23. Ne7+ Rxe7 24. Rxe7 hxg4 25. hxg4 Rc4 26. Rxb7 Rxg4+ 27. Kf3 Rc4 28. Rg1+ Kf8 29. Rh1 Kg7 30. Rh2 Rc3+ 31. Ke4 Rxa3 32. Rg2+ Kf8 33. f4 Rb3 34. Kf5 Rxb4 35. Rh2 Rb5+ 36. Kg4 f5+ 37. Kg5 Bd8+ 0-1

[Event "November 21 Early 2023"]
[Site "https://www.chess.com"]
[Date "2023.11.21"]
[Round "6"]
[White "Minko, Dmitry"]
[Black "Castillo Pena, Patricia Evarista"]
[Result "1-0"]
[Board "162"]
[TimeControl "180+1"]
[WhiteFideId "24188468"]
[BlackFideId "6412106"]
[WhiteElo "1992"]
[BlackElo "1861"]
[WhiteTeam "FID"]
[BlackTeam "DOM"]
[WhiteClock "0:02:46"]
[BlackClock "0:02:01"]

1. e4 c5 2. Nf3 d6 3. d4 cxd4 4. Nxd4 Nf6 5. Nc3 a6 6. f3 e5 7. Nb3 Be7 8. Be3 Be6 9. Qd2 Nbd7 10. O-O-O b5 11. g4 Nb6 12. g5 b4 13. gxf6 bxc3 14. Qxc3 Bxf6 15. Qc6+ Nd7 16. Qxd6 Be7 17. Qd2 O-O 18. Rg1 1-0

[Event "November 21 Early 2023"]
[Site "https://www.chess.com"]
[Date "2023.11.21"]
[Round "6"]
[White "Skiadopoulos, Nikolaos"]
[Black "Yeritsyan, Hayk"]
[Result "0-1"]
[Board "163"]
[TimeControl "180+1"]
[WhiteFideId "4200772"]
[BlackFideId "13307320"]
[WhiteElo "2022"]
[BlackElo "2130"]
[WhiteTeam "GRE"]
[BlackTeam "ARM"]
[WhiteClock "0:02:03"]
[BlackClock "0:02:53"]

1. b4 a5 2. b5 e5 3. a4 d5 4. g3 Nf6 5. Bg2 Bc5 6. Bb2 O-O 7. Bxe5 Bxf2+ 8. Kxf2 Ng4+ 9. Kf1 Nxe5 10. Nf3 Nxf3 11. exf3 Nd7 12. Kf2 Qf6 13. Nc3 Nb6 14. Re1 Qd4+ 15. Re3 Nc4 16. Qe2 Nxe3 17. dxe3 Qxc3 0-1

[Event "November 21 Early 2023"]
[Site "https://www.chess.com"]
[Date "2023.11.21"]
[Round "6"]
[White "NelsonLinda"]
[Black "Koridze, Lile"]
[Result "1-0"]
[Board "164"]
[TimeControl "180+1"]
[BlackFideId "13612514"]
[WhiteElo "2554"]
[BlackElo "2061"]
[BlackTeam "GEO"]
[WhiteClock "0:00:05"]
[BlackClock "0:00:00"]

1. g3 Nf6 2. Bg2 d5 3. b3 c5 4. Bb2 Nc6 5. Nf3 Bf5 6. O-O e6 7. d3 Be7 8. Nbd2 O-O 9. Re1 h6 10. e4 dxe4 11. dxe4 Bh7 12. Qe2 Qc7 13. Red1 Rfd8 14. a3 Nd4 15. Nxd4 cxd4 16. Rac1 e5 17. a4 Qd7 18. Nc4 Qe6 19. h3 Ne8 20. f4 exf4 21. gxf4 Nd6 22. Rxd4 Nxc4 23. Qxc4 Qb6 24. Kh1 Bf6 25. e5 Bh4 26. Bd5 Qg6 27. f5 Qg3 28. Bxf7+ Kh8 29. Qf1 Rxd4 30. Bxd4 Rf8 31. e6 Rd8 32. c3 Bg5 33. Rc2 Bxf5 34. Qxf5 Bf4 35. Qg4 Qe1+ 36. Qg1 Qe4+ 37. Qg2 Rxd4 38. Qxe4 Rxe4 39. Kg2 Be5 40. Kf3 Re1 41. c4 Rb1 42. Rd2 Bf6 43. Re2 Rxb3+ 44. Ke4 Rb4 45. Kd5 Rxa4 46. e7 Bxe7 47. Rxe7 g5 48. Rxb7 Ra3 49. Be6 Re3 50. c5 Rd3+ 51. Ke5 Rd1 52. c6 Re1+ 53. Kf6 Rf1+ 54. Kg6 Rf8 55. c7 Re8 56. Rb8 1-0

[Event "November 21 Early 2023"]
[Site "https://www.chess.com"]
[Date "2023.11.21"]
[Round "6"]
[White "JuniorJumper"]
[Black "Zivic, Dragan"]
[Result "1-0"]
[Board "165"]
[TimeControl "180+1"]
[BlackFideId "904740"]
[WhiteElo "2543"]
[BlackElo "2073"]
[BlackTeam "SRB"]
[WhiteClock "0:00:55"]
[BlackClock "0:00:58"]

1. Nf3 Nf6 2. g3 b6 3. Bg2 Bb7 4. O-O e6 5. b3 d5 6. Bb2 Be7 7. d3 O-O 8. Nbd2 c5 9. Ne5 Nfd7 10. Nxd7 Nxd7 11. e4 Bf6 12. Bxf6 Qxf6 13. Kh1 Rfd8 14. Qe2 Qc3 15. Rac1 Nf6 16. e5 Nd7 17. f4 g6 18. h4 h5 19. Nf3 Nf8 20. Ng5 Nh7 21. Rf2 Rac8 22. Rcf1 c4 23. dxc4 Qxg3 24. Rf3 Qxh4+ 25. Rh3 Qxh3+ 26. Nxh3 Ba8 27. cxd5 Bxd5 28. Bxd5 Rxd5 29. Rd1 Rcd8 30. Rxd5 Rxd5 31. Nf2 1-0

[Event "November 21 Early 2023"]
[Site "https://www.chess.com"]
[Date "2023.11.21"]
[Round "6"]
[White "Pinheiro, Iung Alicio de O."]
[Black "Bokros, Albert"]
[Result "1-0"]
[Board "166"]
[TimeControl "180+1"]
[WhiteFideId "2104350"]
[BlackFideId "710458"]
[WhiteElo "2283"]
[BlackElo "2489"]
[WhiteTeam "BRA"]
[BlackTeam "HUN"]
[WhiteClock "0:00:38"]
[BlackClock "0:00:14"]

1. e4 c5 2. Nc3 Nc6 3. g3 g6 4. Bg2 Bg7 5. d3 Rb8 6. Nge2 b5 7. a3 d6 8. O-O Nd4 9. Rb1 h5 10. h4 b4 11. axb4 cxb4 12. Nd5 e6 13. Ne3 Ne7 14. Nf4 O-O 15. Bd2 a5 16. c3 Ndc6 17. d4 bxc3 18. bxc3 Rxb1 19. Qxb1 Ba6 20. Re1 Qb8 21. Qa2 Qc7 22. d5 exd5 23. Nfxd5 Nxd5 24. Nxd5 Qd7 25. Bh6 Qe6 26. Bxg7 Kxg7 27. Qa4 Rc8 28. Kh2 Qe5 29. f4 Qe6 30. Bh3 f5 31. Qa1 Bc4 32. Ne3 Kh7 33. exf5 gxf5 34. Bxf5+ 1-0

[Event "November 21 Early 2023"]
[Site "https://www.chess.com"]
[Date "2023.11.21"]
[Round "6"]
[White "vishwa_vijeta"]
[Black "Mikhailova, Irina"]
[Result "1/2-1/2"]
[Board "167"]
[TimeControl "180+1"]
[BlackFideId "4109040"]
[WhiteElo "2512"]
[BlackElo "2009"]
[BlackTeam "RUS"]
[WhiteClock "0:00:06"]
[BlackClock "0:00:12"]

1. e4 c5 2. Nf3 Nc6 3. d4 cxd4 4. Nxd4 e5 5. Nf3 Nf6 6. Nc3 Bb4 7. Bc4 O-O 8. O-O Bxc3 9. bxc3 Nxe4 10. Ba3 d6 11. Re1 Nc5 12. Bxc5 dxc5 13. Qxd8 Rxd8 14. Nxe5 Nxe5 15. Rxe5 Be6 16. Bxe6 fxe6 17. Rxe6 Rd2 18. Re7 Rf8 19. f3 Rxc2 20. Rxb7 Rf7 21. Rb3 Rd7 22. Kh1 Rdd2 23. Rg1 h6 24. a4 Ra2 25. Rb5 Rxa4 26. Rxc5 Rc2 27. Rd1 Raa2 28. Rg1 a5 29. c4 a4 30. h3 a3 31. Kh2 Rab2 32. Rc8+ Kh7 33. c5 a2 34. Ra8 Rxc5 35. Ra1 Rcc2 36. Kg3 Rxg2+ 37. Kf4 Rb4+ 38. Ke3 Rb3+ 39. Ke4 Rbb2 40. Ra7 Rge2+ 41. Kf4 Rec2 42. h4 h5 43. Kg5 Rc5+ 44. Kf4 Rb4+ 45. Kg3 Rcc4 46. R1xa2 Rxh4 47. Re2 Ra4 48. Rb7 Rhb4 49. Rc7 Rc4 50. Rb7 Ra1 51. Ree7 Rg1+ 52. Kf2 Rg6 53. Re5 Kh6 54. Rb8 Rf6 55. Rh8+ Kg6 56. Rhxh5 Rcc6 57. Reg5+ Kf7 58. Rh7 Rg6 59. Ra5 Rc7 60. Ra2 Re7 61. Rh8 Rf6 62. Raa8 Kg6 63. Ra4 Kf7 64. Rg4 Rg6 65. Rf4+ Rf6 66. Rg4 Rg6 67. Rd4 Rf6 68. Rh3 Rg6 69. Rf4+ Rf6 70. Rfh4 Rg6 71. Rg3 Ree6 72. Rf4+ Ref6 73. Rxg6 Kxg6 74. Rg4+ Kf7 75. Kg3 Re6 76. f4 Rf6 77. Rg5 Rc6 78. Kg4 Rc1 79. Re5 Rc6 80. Kf5 Rf6+ 81. Ke4 Re6 82. Kf5 Rxe5+ 83. Kxe5 g6 84. Ke4 Kf6 85. Kf3 Kf5 86. Kg3 g5 87. fxg5 Kxg5 1/2-1/2

[Event "November 21 Early 2023"]
[Site "https://www.chess.com"]
[Date "2023.11.21"]
[Round "6"]
[White "Kovacsy, Barnabas"]
[Black "KorolDimitriy75"]
[Result "0-1"]
[Board "168"]
[TimeControl "180+1"]
[WhiteFideId "769290"]
[WhiteElo "2130"]
[BlackElo "2328"]
[WhiteTeam "HUN"]
[WhiteClock "0:00:29"]
[BlackClock "0:00:06"]

1. e4 c5 2. Nf3 d6 3. d4 cxd4 4. Nxd4 Nf6 5. f3 g6 6. c4 Bg7 7. Nc3 O-O 8. Be3 Nc6 9. Qd2 Bd7 10. Be2 Nxd4 11. Bxd4 a5 12. b3 Bc6 13. O-O Nd7 14. Bf2 Nc5 15. Rab1 Qc7 16. a3 Rfc8 17. Rfc1 a4 18. b4 Nb3 19. Rxb3 axb3 20. Qb2 Ba4 21. Qb1 Bxc3 22. Rxc3 b5 23. c5 dxc5 24. Bxc5 Qe5 25. Qc1 Rc7 26. f4 Qe6 27. Bf3 Rac8 28. g4 Qd7 29. Kf2 Rxc5 30. bxc5 Qd4+ 31. Kg3 b2 32. Qxb2 Rxc5 33. Rc2 Qg1+ 34. Rg2 Qe1+ 35. Qf2 Qxf2+ 36. Rxf2 Rc3 37. g5 Rxa3 38. Kg4 Kg7 39. e5 Bb3 40. Rb2 Be6+ 41. Kg3 Bd5 42. Rxb5 Bxf3 43. Kh4 Be4 44. Rb7 Bf5 45. Rb3 Rxb3 46. e6 Rh3# 0-1

[Event "November 21 Early 2023"]
[Site "https://www.chess.com"]
[Date "2023.11.21"]
[Round "6"]
[White "Maect19"]
[Black "PoXerStar"]
[Result "1/2-1/2"]
[Board "169"]
[TimeControl "180+1"]
[WhiteElo "2327"]
[BlackElo "2424"]
[WhiteClock "0:00:08"]
[BlackClock "0:00:04"]

1. d4 d5 2. Nf3 c5 3. e3 Nf6 4. Bd3 cxd4 5. exd4 Bg4 6. c3 Nc6 7. Bf4 e6 8. Nbd2 Bd6 9. Bxd6 Qxd6 10. h3 Bh5 11. Qb3 O-O 12. O-O Rab8 13. Rfe1 Qc7 14. Ne5 Nxe5 15. Rxe5 Bg6 16. Bxg6 hxg6 17. a4 a6 18. Re2 b5 19. axb5 axb5 20. Nf3 b4 21. cxb4 Qb6 22. Ra4 Rfc8 23. Rc2 Ne4 24. Qd3 Rc7 25. Nd2 Nxd2 26. Rxd2 Rc4 27. b3 Rxb4 28. Rxb4 Qxb4 29. Rc2 Qxb3 30. Rc8+ Kh7 31. Qxb3 Rxb3 32. Rc7 f6 33. Re7 Rb6 34. g3 g5 35. Kg2 Kg6 36. Kf3 Ra6 37. Ke3 Kh6 38. Kf3 Kh7 39. Kg4 Kg8 40. Kh5 Kh7 41. h4 gxh4 42. Kxh4 Ra4 43. Rxe6 Rxd4+ 44. f4 Kg6 45. Kg4 Rd3 46. Rd6 Kf7 47. Rd7+ Kg6 48. Rd6 d4 49. Rd7 Rd1 50. Rd6 d3 51. Kf3 d2 52. Ke2 Rg1 53. Rxd2 Rxg3 54. Kf2 Rg4 55. Kf3 Rg1 56. Rd7 Rf1+ 57. Kg3 f5 58. Rd6+ Kh5 59. Re6 g5 60. fxg5 Kxg5 61. Kg2 Rf4 62. Re3 Re4 63. Rxe4 fxe4 64. Kf2 Kf4 65. Ke2 e3 66. Ke1 e2 67. Kxe2 1/2-1/2

[Event "November 21 Early 2023"]
[Site "https://www.chess.com"]
[Date "2023.11.21"]
[Round "6"]
[White "Kornyukov, Alexey"]
[Black "Martin Duque, Jesus"]
[Result "0-1"]
[Board "170"]
[TimeControl "180+1"]
[WhiteFideId "4150457"]
[BlackFideId "2208954"]
[WhiteElo "2352"]
[BlackElo "2319"]
[WhiteTeam "RUS"]
[BlackTeam "ESP"]
[WhiteClock "0:00:21"]
[BlackClock "0:01:23"]

1. d4 Nf6 2. Nc3 d5 3. Bg5 Nbd7 4. Nf3 e6 5. e4 h6 6. Bh4 g5 7. e5 gxh4 8. exf6 Qxf6 9. Bd3 a6 10. Qe2 Rg8 11. Rg1 c5 12. dxc5 Bxc5 13. Nxd5 Qxb2 14. Rd1 Bd6 15. Nxh4 Kd8 16. Qh5 exd5 17. Qxf7 Re8+ 18. Kf1 Qf6 19. Qxd5 Nb6 20. Qh5 Kc7 21. Qxe8 Bg4 22. Qe1 Bxd1 23. Qxd1 Qxh4 24. Qd2 Rf8 25. Qc3+ Kb8 26. f3 Nd5 27. Qd2 Re8 28. Be4 Rxe4 29. Qxd5 Re1# 0-1